Map: Disco Bloodbath LE

Players

ShoWTimE - Winner!

  • Race: Protoss Protoss
  • Spawn Location: 9:00

TIME (Oliveira)

  • Race: Terran Terran
  • League: Master
  • Spawn Location: 3:00

Event: NationWars 2019

VOD

Have the link to the VOD?

Description

Time

  • Played on: Nov. 13, 2019, 4:49 p.m.
  • Length: 10:49

All games in this series

Show
View Real Time Build Order
Export as new Build Order

ShoWTimE Protoss - Winner!

Build Orders: 1 Gate Expand, Phoenix Opening, Zealot Archon 

Get SALT Encoding   

  12  0:00  Probe  
  13  0:12  Probe  
  14  0:19  Pylon  
  14  0:24  Probe  
  15  0:37  Probe (Chrono Boost)  
  15  0:38  Gateway  
  16  0:46  Probe (Chrono Boost)  
  16  0:47  Assimilator  
  17  0:51  Probe (Chrono Boost)  
  18  1:03  Probe  
  19  1:15  Probe  
  20  1:25  Cybernetics Core  
  20  1:33  Nexus  
  20  1:36  Probe  
  21  1:43  Pylon  
  21  1:48  Probe  
  21  1:51  Assimilator  
  22  1:59  Adept (Chrono Boost)  
  22  2:00  Probe  
  25  2:12  Probe  
  26  2:19  Stargate  
  26  2:23  Adept  
  26  2:24  Probe  
  29  2:33  Warp Gate  
  29  2:36  Probe (Chrono Boost)  
  30  2:48  Probe (Chrono Boost)  
  30  2:52  Probe (Chrono Boost)  
  30  2:55  Probe (Chrono Boost), Adept  
  34  3:02  Phoenix  
  34  3:04  Probe (Chrono Boost)  
  38  3:10  Probe (Chrono Boost)  
  38  3:11  Probe (Chrono Boost)  
  38  3:12  Pylon  
  39  3:17  Probe  
  39  3:18  Probe  
  41  3:27  Phoenix  
  41  3:29  Probe  
  41  3:31  Probe  
  45  3:36  Gateway  
  45  3:37  Gateway  
  45  3:41  Probe  
  45  3:43  Probe  
  45  3:46  Pylon  
  47  3:52  Phoenix (Chrono Boost)  
  47  3:53  Probe  
  50  3:56  Probe  
  51  4:05  Probe  
  51  4:08  Pylon  
  52  4:12  Probe  
  52  4:14  Phoenix (Chrono Boost)  
  55  4:17  Probe  
  55  4:22  Nexus  
  56  4:24  Probe  
  56  4:28  Pylon  
  56  4:29  Probe  
  58  4:33  Assimilator  
  58  4:34  Assimilator  
  58  4:37  Probe  
  59  4:41  Forge  
  59  4:42  Probe  
  60  4:46  Twilight Council  
  60  4:51  Probe  
  60  4:52  Pylon  
  61  4:54  Probe, Protoss Ground Armor Level 1 (Chrono Boost)  
  62  5:04  Probe  
  62  5:05  Sentry x2  
  62  5:06  Probe  
  68  5:14  Charge (Chrono Boost)  
  68  5:15  Gateway x2  
  68  5:16  Gateway  
  68  5:29  Gateway  
  68  5:31  Sentry  
  68  5:32  Gateway  
  68  5:34  Probe x2  
  72  5:35  Probe  
  73  5:46  Probe x2  
  73  5:48  Probe  
  73  5:49  Templar Archives  
  76  5:58  Probe x2  
  76  6:00  Probe, Zealot x3  
  76  6:03  Oracle  
  88  6:05  Pylon  
  88  6:10  Probe  
  89  6:21  Pylon  
  89  6:22  Zealot x6  
  101  6:28  High Templar  
  101  6:29  Pylon  
  101  6:30  High Templar  
  101  6:32  Pylon  
  105  6:34  Pylon, Archon  
  105  6:40  Shield Battery  
  105  6:42  Zealot  
  105  6:43  Pylon, Zealot x2  
  111  6:51  Zealot x3  
  117  6:54  Protoss Ground Armor Level 2 (Chrono Boost)  
  117  6:58  Probe  
  117  6:59  Probe x2, Blink (Chrono Boost)  
  120  7:01  Assimilator  
  120  7:04  Assimilator  
  120  7:08  Pylon  
  120  7:11  Probe x2  
  120  7:13  Robotics Facility  
  120  7:15  Probe  
  123  7:23  Probe  
  123  7:24  Probe  
  125  7:33  Zealot x4  
  125  7:34  Zealot x4  
  141  7:42  Probe  
  141  7:43  Probe  
  143  7:46  Pylon  
  143  7:48  Nexus  
  143  7:50  Pylon  
  143  7:53  Pylon  
  144  8:05  Observer  
  144  8:08  Robotics Facility, Robotics Bay  
  144  8:18  Stalker x2  
  144  8:19  Stalker x6  
  158  8:23  Probe x2  
  158  8:24  Probe, Pylon  
  159  8:33  Observer  
  156  8:37  Probe x3  
  159  8:49  Probe  
  159  8:52  Disruptor (Chrono Boost), Forge  
  159  8:53  Disruptor (Chrono Boost)  
  166  9:03  Zealot x8  
  182  9:11  Photon Cannon  
  182  9:12  Dark Shrine  
  182  9:21  Disruptor (Chrono Boost)  
  184  9:26  Disruptor (Chrono Boost)  
  164  9:32  Zealot x2  
  164  9:33  Zealot x5  
  164  9:35  Pylon  
  164  9:38  Zealot  
  121  9:53  Zealot x5  
  121  9:54  Zealot x2  
  132  10:05  Disruptor (Chrono Boost)  
  131  10:13  Zealot  
  131  10:14  Zealot x7  
  148  10:33  Stalker x2  
  144  10:38  Stalker x6  
Show
View Real Time Build Order
Export as new Build Order

TIME Terran 

Build Orders: Reaper Expand 

Get SALT Encoding   

  12  0:00  SCV  
  13  0:13  SCV  
  14  0:17  Supply Depot  
  14  0:25  SCV  
  15  0:38  SCV  
  15  0:41  Barracks  
  16  0:45  Refinery  
  16  0:51  SCV  
  17  1:03  SCV  
  18  1:15  SCV  
  19  1:28  Orbital Command, Reaper  
  20  1:43  Command Center  
  20  1:47  Supply Depot  
  21  1:54  SCV  
  21  2:00  Marine  
  22  2:06  SCV  
  22  2:08  Factory  
  23  2:13  Refinery  
  23  2:17  Bunker  
  23  2:19  SCV  
  24  2:23  Barracks Reactor  
  24  2:31  SCV  
  25  2:43  SCV  
  26  2:52  Widow Mine  
  26  2:54  Starport  
  26  2:56  Orbital Command, SCV  
  29  3:00  Marine x2  
  31  3:08  SCV  
  32  3:15  Widow Mine  
  32  3:19  Marine x2  
  35  3:20  SCV  
  35  3:22  SCV  
  35  3:25  Supply Depot  
  37  3:31  Medivac  
  37  3:32  SCV  
  40  3:34  SCV  
  40  3:37  Factory Tech Lab  
  40  3:40  Barracks  
  41  3:44  Marine x2, SCV  
  41  3:46  SCV  
  45  3:54  Supply Depot  
  45  3:56  SCV  
  45  3:58  Siege Tank, SCV  
  45  4:01  Marine  
  51  4:05  Marine  
  51  4:06  Starport Tech Lab  
  51  4:08  SCV  
  53  4:10  SCV  
  53  4:14  Barracks  
  54  4:19  Engineering Bay  
  54  4:20  SCV  
  54  4:22  SCV  
  56  4:25  Refinery  
  56  4:32  SCV, Supply Depot  
  56  4:34  Stimpack, Marine  
  56  4:36  Starport Reactor, SCV  
  59  4:43  Siege Tank  
  62  4:51  Supply Depot  
  62  4:53  Marine x2, Supply Depot  
  62  4:54  Refinery, SCV  
  62  4:57  Marine  
  62  4:58  SCV  
  67  5:06  SCV  
  65  5:09  Terran Infantry Weapons Level 1  
  65  5:10  SCV  
  66  5:17  Marine x2, Marauder  
  66  5:18  SCV  
  66  5:19  Marine, Combat Shield  
  72  5:22  SCV  
  72  5:23  Factory Reactor  
  72  5:27  Missile Turret  
  73  5:30  SCV  
  73  5:31  Supply Depot  
  73  5:34  SCV  
  75  5:38  Marine x2, Marauder  
  75  5:39  Marauder  
  75  5:42  SCV  
  82  5:43  Medivac x2  
  84  5:53  Missile Turret  
  84  5:55  Supply Depot  
  84  6:00  Marauder  
  84  6:01  Widow Mine x2  
  84  6:03  Marine  
  93  6:04  Marauder  
  93  6:15  Marine  
  93  6:17  Medivac x2  
  98  6:21  Marauder, Marine  
  101  6:26  Supply Depot  
  101  6:32  Marine  
  101  6:35  SCV  
  102  6:48  Marine, Widow Mine x2, SCV, Marauder  
  102  6:49  Command Center  
  110  6:56  Marine  
  110  7:02  Barracks  
  110  7:04  Barracks  
  110  7:05  Terran Infantry Armor Level 1  
  110  7:06  Supply Depot  
  110  7:12  Ghost Academy  
  110  7:14  Medivac, Marine x3  
  110  7:15  Marauder, SCV  
  118  7:22  SCV  
  118  7:25  Medivac  
  118  7:27  SCV  
  116  7:32  Marine  
  116  7:34  SCV  
  118  7:39  SCV  
  118  7:41  Marine, Widow Mine x2  
  118  7:42  Marauder  
  126  7:44  Enhanced Shockwaves  
  126  7:47  Marine, SCV  
  128  7:53  Marine, SCV  
  128  7:57  Barracks Tech Lab  
  130  7:59  Viking  
  130  8:00  SCV  
  130  8:02  Orbital Command  
  130  8:05  Marine  
  132  8:07  Supply Depot  
  132  8:10  Barracks Reactor  
  134  8:22  Marine  
  134  8:26  Marine  
  138  8:28  SCV x2  
  138  8:29  SCV  
  139  8:36  Supply Depot  
  139  8:37  Widow Mine  
  139  8:40  Marine, SCV x2  
  144  8:41  SCV  
  144  8:45  Marine  
  144  8:46  Unknown  
  146  8:49  Unknown  
  146  8:50  Unknown  
  146  8:52  SCV  
  146  8:55  Marine  
  147  9:01  Marine, Marauder  
  148  9:05  Widow Mine x2  
  152  9:13  Medivac x2  
  152  9:14  Marine  
  152  9:15  Marauder  
  131  9:35  Marine x2, Marauder  
  119  9:39  Marine  
  119  9:40  Marauder  
  119  9:43  SCV  
  103  9:49  SCV  
  95  9:56  SCV  
  96  10:00  Marine  
  96  10:04  SCV  
  98  10:15  Marine, Marauder  
  99  10:24  Marine, SCV  
Tags
 
Add a new tag
Caveats
  • Supply blocks, unpowered buildings, or Contaminate may cause inaccurate times.
  • Supply counts are checked every 10 seconds.